[Event "Titled Tuesday Blitz March 21 Early 2023"]
[White "Ljukin, Sergei"]
[Black "Chernov, Mikhail"]
[WhiteFideId "14102200"]
[BlackFideId "24143170"]
[WhiteElo "2312"]
[BlackElo "2113"]
[Result "0-1"]
[Round "08"]
[TimeControl "180+2"]
[Date "2023.03.21"]
[WhiteClock "0:00:13"]
[BlackClock "0:00:14"]

1. e4 g6 2. d4 Bg7 3. Nc3 d6 4. f4 a6 5. Nf3 b5 6. Bd3 Nd7 7. e5 c5 8. exd6 exd6 9. dxc5 Nxc5 10. Qe2+ Ne7 11. Nd5 Be6 12. Nxe7 Qxe7 13. O-O O-O 14. Be3 Nxd3 15. cxd3 Bf5 16. Qd2 Rfe8 17. Rae1 Qb7 18. Nd4 Bd7 19. f5 Be5 20. fxg6 fxg6 21. Nf3 Bg7 22. Bh6 Bf5 23. Bxg7 Qxg7 24. h3 h6 25. d4 Be4 26. Qf4 Bxf3 27. Rxe8+ Rxe8 28. Rxf3 Re6 29. Qg4 Qe7 30. Kh2 Kg7 31. Rc3 h5 32. Qg3 h4 33. Qf3 Rf6 34. Qf2 Rxf2 0-1


[Site "https://www.chess.com"]

[Event "Titled Tuesday Blitz March 21 Early 2023"]
[White "Sonnenschein, Philipp"]
[Black "Fernandez Hernandez, Arturo A."]
[WhiteFideId "16250877"]
[BlackFideId "3509230"]
[WhiteElo "2224"]
[BlackElo "2393"]
[Result "0-1"]
[Round "08"]
[TimeControl "180+2"]
[Date "2023.03.21"]
[WhiteClock "0:00:02"]
[BlackClock "0:00:09"]

1. e4 c5 2. Nf3 e6 3. c3 Nf6 4. e5 Nd5 5. g3 d6 6. exd6 Bxd6 7. Bg2 O-O 8. O-O Nc6 9. d4 cxd4 10. Nxd4 Nce7 11. c4 Nb6 12. Nb5 Bc5 13. Qe2 Nc6 14. Rd1 Qe7 15. N1c3 a6 16. Na3 Nd4 17. Qe4 f5 18. Qe5 Nd7 19. Qc7 Bd6 20. Qa5 Nc6 21. Qa4 Nc5 22. Qc2 f4 23. Ne4 Nxe4 24. Bxe4 fxg3 25. Bxh7+ Kh8 26. hxg3 Bc5 27. Be3 Bxe3 28. fxe3 Qg5 29. Kg2 Qxe3 30. Be4 Nd4 31. Rh1+ Kg8 32. Bh7+ Kf7 33. Qg6+ Ke7 34. Rhe1 Rf2+ 35. Kh3 Qh6+ 36. Qxh6 gxh6 37. g4 Rxb2 38. Re4 Nf3 39. Kg3 Ng5 40. Rf4 Nxh7 41. Raf1 Ng5 42. Nb1 Bd7 43. Nc3 Rc8 44. Na4 Rb4 45. c5 Rxf4 46. Rxf4 Bxa4 47. Rxa4 Rxc5 0-1


[Site "https://www.chess.com"]

[Event "Titled Tuesday Blitz March 21 Early 2023"]
[White "Harriott, Tyrell"]
[Black "Padmini, Rout"]
[WhiteFideId "2086484"]
[BlackFideId "5029295"]
[WhiteElo "2107"]
[BlackElo "2314"]
[Result "0-1"]
[Round "08"]
[TimeControl "180+2"]
[Date "2023.03.21"]
[WhiteClock "0:00:12"]
[BlackClock "0:01:05"]

1. d4 Nf6 2. e3 c5 3. c3 b6 4. f4 Bb7 5. Nf3 g6 6. Bd3 Be4 7. O-O Bxd3 8. Qxd3 d5 9. Nbd2 Bg7 10. f5 O-O 11. fxg6 hxg6 12. Ng5 Nc6 13. e4 cxd4 14. exd5 Qxd5 15. Ndf3 dxc3 16. Qxc3 Ng4 17. Qe1 Nd4 18. Qh4 Nxf3+ 19. gxf3 Nh6 20. Be3 f6 21. Nh3 Nf5 22. Qf2 Nxe3 23. Qxe3 e5 24. Rf2 Rad8 25. Rg2 Kf7 26. Kh1 Rh8 27. f4 Qd3 28. Rg3 Qxe3 29. Rxe3 e4 30. Nf2 f5 31. Rb1 Rd2 32. Rh3 Rxf2 33. Rxh8 Bxh8 0-1


[Site "https://www.chess.com"]

[Event "Titled Tuesday Blitz March 21 Early 2023"]
[White "Hoffmann, Asa"]
[Black "Janaszak, Dawid"]
[WhiteFideId "2001470"]
[BlackFideId "1119206"]
[WhiteElo "2117"]
[BlackElo "2220"]
[Result "0-1"]
[Round "08"]
[TimeControl "180+2"]
[Date "2023.03.21"]
[WhiteClock "0:00:13"]
[BlackClock "0:00:21"]

1. d4 g6 2. e4 Bg7 3. Be3 c6 4. f3 d5 5. Nc3 b5 6. a3 Bb7 7. exd5 a6 8. dxc6 Nxc6 9. Nge2 Nf6 10. Qd2 O-O 11. O-O-O b4 12. axb4 Nxb4 13. Kb1 Qa5 14. Nc1 Nfd5 15. Bc4 Rfc8 16. Bb3 Nxc3+ 17. bxc3 Nd5 18. Ne2 Rab8 19. Kb2 Qb6 20. Ra1 a5 21. Rhb1 Ba6 22. Kc1 Qd6 23. Rxa5 Bb7 24. Bf2 Qxh2 25. Bg3 Qxg2 26. Bxb8 Nxc3 27. Nxc3 Qxf3 28. Be5 Rxc3 29. Bxg7 Kxg7 30. Kb2 Rc7 31. Rc5 Rd7 32. Qc3 Qf2 33. Rd1 Bf3 34. Rd2 Qf1 35. d5+ f6 36. d6 Ra7 37. Qe3 Qa1# 0-1


[Site "https://www.chess.com"]

[Event "Titled Tuesday Blitz March 21 Early 2023"]
[White "Horak, Martin"]
[Black "Meunier-Pion, Jean"]
[WhiteFideId "367095"]
[BlackFideId "20685327"]
[WhiteElo "2091"]
[BlackElo "2124"]
[Result "0-1"]
[Round "08"]
[TimeControl "180+2"]
[Date "2023.03.21"]
[WhiteClock "0:00:07"]
[BlackClock "0:00:16"]

1. d4 d5 2. c4 c6 3. Nf3 Nf6 4. e3 a6 5. Qb3 e6 6. Be2 c5 7. O-O Nc6 8. cxd5 exd5 9. Nc3 c4 10. Qd1 Bf5 11. a3 Bd6 12. Nh4 Bg6 13. Nxg6 hxg6 14. h3 Qd7 15. Bg4 Nxg4 16. Qxg4 Qxg4 17. hxg4 Bh2+ 18. Kh1 O-O-O 19. g3 Bxg3+ 20. Kg2 Bc7 21. Bd2 f5 22. Rh1 Rhf8 23. f4 g5 24. Ne2 gxf4 25. exf4 fxg4 26. Rh7 Rde8 27. Kf2 g5 28. Rg1 gxf4 29. Rxg4 f3 30. Rgg7 fxe2+ 0-1


[Site "https://www.chess.com"]

[Event "Titled Tuesday Blitz March 21 Early 2023"]
[White "koncheto"]
[Black "Klepikov, Nikita"]
[BlackFideId "24145220"]
[WhiteElo "2503"]
[BlackElo "2025"]
[Result "1-0"]
[Round "08"]
[TimeControl "180+2"]
[Date "2023.03.21"]
[WhiteClock "0:00:33"]
[BlackClock "0:00:02"]

1. e4 c5 2. Nf3 Nc6 3. d4 cxd4 4. Nxd4 g6 5. c4 Nf6 6. Nc3 d6 7. Be2 Nxd4 8. Qxd4 Bg7 9. Be3 O-O 10. Qd2 Ng4 11. Bxg4 Bxg4 12. O-O Be6 13. b3 Qa5 14. Rac1 Rfc8 15. Nb5 Qxd2 16. Bxd2 a6 17. Nc3 b5 18. Nd5 Bxd5 19. cxd5 Bb2 20. Rb1 Rc2 21. Rfd1 Rac8 22. Kf1 Kg7 23. Ke1 Bd4 24. a4 Ra2 25. axb5 axb5 26. Rbc1 Rxc1 27. Rxc1 Bxf2+ 28. Ke2 Bc5 29. Kd3 b4 30. Rc2 Rxc2 31. Kxc2 Kf6 32. Kd3 Ke5 33. Bc1 f5 34. Bb2+ Kf4 35. Bc1+ Ke5 36. Bb2+ Kf4 37. Bc1+ Kg4 38. Bd2 h5 39. Be1 f4 40. h3+ Kg5 41. Kc4 Kf6 42. Bxb4 1-0


[Site "https://www.chess.com"]

[Event "Titled Tuesday Blitz March 21 Early 2023"]
[White "Krzywda, Andrzej"]
[Black "Pham, Le Thao Nguyen"]
[WhiteFideId "1114565"]
[BlackFideId "12401226"]
[WhiteElo "2155"]
[BlackElo "2282"]
[Result "0-1"]
[Round "08"]
[TimeControl "180+2"]
[Date "2023.03.21"]
[WhiteClock "0:00:02"]
[BlackClock "0:00:02"]

1. e4 c5 2. Nf3 e6 3. d4 cxd4 4. Nxd4 a6 5. h3 Qc7 6. Bd3 Nc6 7. Nxc6 dxc6 8. O-O e5 9. f4 Bd6 10. Nd2 exf4 11. Nc4 Bc5+ 12. Kh1 g5 13. Qh5 Be7 14. e5 h6 15. Bd2 Be6 16. Ba5 Qb8 17. Rad1 b5 18. Nd6+ Kf8 19. Nf5 Qc8 20. Nd6 Bxd6 21. exd6 Nf6 22. Qe2 Nd5 23. Qe5 Rg8 24. Rde1 Ne3 25. Bb4 Ke8 26. Rxe3 fxe3 27. Qxe3 Qd7 28. Bc5 Kd8 29. Be4 Kc8 30. a4 bxa4 31. Ra1 f5 32. Bd3 f4 33. Qe5 Bd5 34. Kh2 Re8 35. Qf6 f3 36. Bf5 Be6 37. Be4 fxg2 38. Bxg2 Bd5 39. Qf2 Qe6 40. Rxa4 Qe2 0-1


[Site "https://www.chess.com"]

[Event "Titled Tuesday Blitz March 21 Early 2023"]
[White "Sanchez Alvares, Kelvin Antonio"]
[Black "Liu, Casper"]
[WhiteFideId "3906680"]
[BlackFideId "1454153"]
[WhiteElo "2217"]
[BlackElo "2221"]
[Result "1/2-1/2"]
[Round "08"]
[TimeControl "180+2"]
[Date "2023.03.21"]
[WhiteClock "0:01:49"]
[BlackClock "0:00:42"]

1. e4 Nc6 2. Nf3 e5 3. Bb5 Nge7 4. Nc3 g6 5. d4 exd4 6. Nd5 Bg7 7. Bg5 h6 8. Bf6 Kf8 9. Nxd4 Bxf6 10. Nxf6 Kg7 11. Nd5 Nxd5 12. exd5 Re8+ 13. Kf1 Nxd4 14. Qxd4+ Qf6 15. Qxf6+ Kxf6 16. Re1 Rxe1+ 17. Kxe1 c6 18. dxc6 dxc6 19. Bc4 Be6 20. Bxe6 Kxe6 21. h4 h5 22. Rh3 Rd8 23. Re3+ Kf6 24. Ra3 a6 25. Rb3 Rd7 26. Ke2 c5 27. Rb6+ Ke5 28. Ke3 Kd5 29. b3 c4 30. f4 Kc5 31. Rf6 Kb4 32. f5 Kc3 33. bxc4 gxf5 34. Rxf5 Rd2 35. g3 Rxc2 36. Rxf7 Rxa2 37. Rxb7 Kxc4 38. Kf4 Ra5 39. g4 hxg4 40. Kxg4 Ra1 41. h5 Rg1+ 42. Kf5 Rf1+ 43. Kg6 Rg1+ 44. Kh7 a5 45. h6 a4 46. Rg7 Rh1 47. Ra7 Kb3 48. Kg8 a3 49. h7 a2 50. h8=Q Rxh8+ 51. Kxh8 Kb2 52. Rxa2+ Kxa2 1/2-1/2


[Site "https://www.chess.com"]

[Event "Titled Tuesday Blitz March 21 Early 2023"]
[White "Lorenzo De La Riva, Lazaro"]
[Black "Tanmay Jain"]
[WhiteFideId "2268809"]
[BlackFideId "45015481"]
[WhiteElo "2294"]
[BlackElo "2032"]
[Result "1-0"]
[Round "08"]
[TimeControl "180+2"]
[Date "2023.03.21"]
[WhiteClock "0:01:33"]
[BlackClock "0:00:19"]

1. Nf3 d6 2. e3 g6 3. d4 Bg7 4. Be2 Nf6 5. b3 O-O 6. Bb2 b6 7. O-O Bb7 8. c4 Nbd7 9. Qc2 Re8 10. Nc3 e5 11. d5 Rf8 12. b4 Nh5 13. Nd2 Qg5 14. Nde4 Qh6 15. g4 Nf4 16. exf4 exf4 17. f3 f5 18. Nf2 Ne5 19. Qd2 c6 20. dxc6 Bxc6 21. Nd5 fxg4 22. Bxe5 Bxe5 23. Nxg4 Qg5 24. Kh1 h5 25. Nxe5 dxe5 26. Rg1 Qh6 27. Rxg6+ Qxg6 28. Ne7+ Kg7 29. Nxg6 Kxg6 1-0


[Site "https://www.chess.com"]

[Event "Titled Tuesday Blitz March 21 Early 2023"]
[White "Miszler, Levente"]
[Black "Ovezdurdyyeva, Jemal"]
[WhiteFideId "763276"]
[BlackFideId "14001888"]
[WhiteElo "2176"]
[BlackElo "2043"]
[Result "1-0"]
[Round "08"]
[TimeControl "180+2"]
[Date "2023.03.21"]
[WhiteClock "0:01:00"]
[BlackClock "0:00:02"]

1. Nf3 Nf6 2. c4 e6 3. g3 d5 4. Bg2 c6 5. O-O Be7 6. d3 O-O 7. Nbd2 b6 8. Rb1 Bb7 9. b4 Nbd7 10. a4 a6 11. Qc2 c5 12. bxc5 Nxc5 13. d4 Nce4 14. Ne5 Qc7 15. Nxe4 Nxe4 16. Bf4 Bd6 17. Rfc1 Rac8 18. Qb2 dxc4 19. Qxb6 Bxe5 20. Bxe5 Qxb6 21. Rxb6 Bd5 22. Rxa6 c3 23. Ra7 Rc4 24. Rc7 Rxc7 25. Bxc7 Rc8 26. Bxe4 Rxc7 27. Bxd5 exd5 28. e3 c2 29. Kf1 f6 30. Ke2 Kf7 31. Kd2 Ra7 32. Ra1 Rc7 33. a5 Ke6 34. a6 Kf5 35. f3 g5 36. g4+ Kg6 37. Kc1 Ra7 38. Kxc2 h5 39. h3 f5 40. gxf5+ Kxf5 41. Kc3 g4 42. hxg4+ hxg4 43. fxg4+ Kxg4 44. Kb4 Kf3 45. Ra3 Ke4 46. Kc5 Rc7+ 47. Kb6 Rh7 48. a7 Rh6+ 49. Kc5 1-0


[Site "https://www.chess.com"]

[Event "Titled Tuesday Blitz March 21 Early 2023"]
[White "Shapiro, Viktor"]
[Black "Kostiukov, Alexandr"]
[WhiteFideId "4175700"]
[BlackFideId "14108100"]
[WhiteElo "2152"]
[BlackElo "2202"]
[Result "1-0"]
[Round "08"]
[TimeControl "180+2"]
[Date "2023.03.21"]
[WhiteClock "0:00:14"]
[BlackClock "0:00:37"]

1. c4 g6 2. Nc3 Bg7 3. g3 Nf6 4. Bg2 O-O 5. e3 d6 6. Nge2 e5 7. d4 c5 8. O-O Nc6 9. h3 Qe7 10. Nd5 Qd8 11. dxc5 dxc5 12. b3 e4 13. Bb2 Nxd5 14. Bxg7 Nxe3 15. Qxd8 Rxd8 16. fxe3 Kxg7 17. Nc3 Rd3 18. Nxe4 Rxe3 19. Kh2 Re2 20. Nxc5 Rb8 21. a3 b6 22. Nd3 Na5 23. Rae1 Rxe1 24. Rxe1 Be6 25. Nf4 Bf5 26. Re7 a6 27. Bd5 Rf8 28. b4 Nb3 29. g4 Bc8 30. Rc7 Nd4 31. Kg3 Kf6 32. h4 h6 33. Bb7 Be6 34. Bxa6 g5 35. hxg5+ hxg5 36. Nh5+ Ke5 37. c5 bxc5 38. Rxc5+ Ke4 39. Bc4 Ra8 40. Nf6+ Ke3 41. Bxe6 fxe6 42. Rc3+ Kd2 43. Ne4+ Ke2 44. Nc5 e5 45. a4 Kd2 46. Rd3+ Ke2 47. Re3+ Kd2 48. Rxe5 Rf8 49. Rd5 Ke3 50. Rxd4 Rf3+ 51. Kg2 Rf2+ 52. Kg1 Rb2 53. Re4+ Kf3 54. Rc4 Rb1+ 55. Kh2 Rb2+ 56. Kh3 Rb1 57. Rc3+ Kf4 58. Rb3 Rc1 59. a5 Ra1 60. Kg2 Ra2+ 61. Kf1 Ra1+ 62. Ke2 Ra2+ 63. Kd3 Kxg4 64. a6 Kh3 65. b5 g4 66. Ne4 Ra5 67. Kc4+ Kh4 68. Kc5 Ra4 69. Ng3 Kh3 70. Kb6 Kg2 71. a7 Kf2 72. Kb7 Rb4 73. Rxb4 1-0


[Site "https://www.chess.com"]

[Event "Titled Tuesday Blitz March 21 Early 2023"]
[White "Eynullayev, Atilla"]
[Black "Sovetbekova, Nurai"]
[WhiteFideId "13413570"]
[BlackFideId "13801910"]
[WhiteElo "2181"]
[BlackElo "1857"]
[Result "1-0"]
[Round "08"]
[TimeControl "180+2"]
[Date "2023.03.21"]
[WhiteClock "0:00:32"]
[BlackClock "0:00:07"]

1. d4 Nf6 2. c4 g6 3. Nc3 d5 4. cxd5 Nxd5 5. e4 Nxc3 6. bxc3 Bg7 7. Nf3 c5 8. Bb5+ Nc6 9. Rb1 O-O 10. d5 Bxc3+ 11. Bd2 Bxd2+ 12. Qxd2 Nd4 13. Nxd4 cxd4 14. Qxd4 Qa5+ 15. Qb4 Qxb4+ 16. Rxb4 Rd8 17. Bc4 b6 18. O-O Bb7 19. a4 Rac8 20. Bb3 Rc5 21. Ra1 Bc8 22. a5 bxa5 23. Rb8 Rd6 24. Ba4 Kg7 25. Bc6 Ba6 26. e5 Rdxc6 27. dxc6 Rxc6 28. Ra8 Rc5 29. Rxa7 Bc4 30. R7xa5 Rc8 31. h3 Be6 32. Rb1 Rc2 33. Rb7 Rc1+ 34. Kh2 Rc2 35. f3 Bd5 36. Rxd5 1-0


[Site "https://www.chess.com"]

[Event "Titled Tuesday Blitz March 21 Early 2023"]
[White "Khamdamova, Afruza"]
[Black "Bogaudinov, Rushan"]
[WhiteFideId "14210444"]
[BlackFideId "4129288"]
[WhiteElo "2210"]
[BlackElo "1949"]
[Result "1-0"]
[Round "08"]
[TimeControl "180+2"]
[Date "2023.03.21"]
[WhiteClock "0:00:11"]
[BlackClock "0:00:06"]

1. e4 a6 2. d4 e6 3. Nf3 d5 4. Nbd2 Nf6 5. Bd3 dxe4 6. Nxe4 Nbd7 7. O-O Nxe4 8. Bxe4 Nf6 9. Bd3 Be7 10. Bf4 b6 11. c3 Bb7 12. Ne5 O-O 13. Qc2 c5 14. dxc5 bxc5 15. Rad1 Qc8 16. Bg5 h6 17. Bxf6 Bxf6 18. Nd7 Rd8 19. Nxf6+ gxf6 20. Qe2 Qc6 21. Qg4+ Kf8 22. f3 Ke7 23. Qf4 Qb6 24. Kh1 h5 25. b3 a5 26. Qh6 a4 27. Bc4 Rxd1 28. Rxd1 Rd8 29. Re1 Bd5 30. Qxh5 Bxc4 31. bxc4 Rd2 32. a3 Qd6 33. h4 Ra2 34. Qg4 Qd2 35. Rb1 Rb2 36. Rxb2 Qxb2 37. Qf4 e5 38. Qe3 Qxa3 39. h5 Kf8 40. h6 Kg8 41. Kh2 Kh7 42. Kg3 Qa1 43. Kg4 Qh1 44. Qe4+ Kxh6 45. Kg3 Qh5 46. Qc6 a3 47. Qa6 Qg6+ 48. Kh2 1-0


[Site "https://www.chess.com"]

[Event "Titled Tuesday Blitz March 21 Early 2023"]
[White "Donskov, Anatoly"]
[Black "TigranHH"]
[WhiteFideId "24143413"]
[WhiteElo "2247"]
[BlackElo "2302"]
[Result "1-0"]
[Round "08"]
[TimeControl "180+2"]
[Date "2023.03.21"]
[WhiteClock "0:00:31"]
[BlackClock "0:00:01"]

1. e4 c6 2. d4 d5 3. Nc3 dxe4 4. Nxe4 Nf6 5. Nxf6+ exf6 6. c3 Bd6 7. Bd3 O-O 8. Ne2 Re8 9. Qc2 h5 10. Be3 Be6 11. O-O-O Bxa2 12. c4 b5 13. c5 Bc7 14. b3 Bxb3 15. Qxb3 a5 16. Nf4 a4 17. Qa3 Na6 18. Bc2 b4 19. Qxa4 Nxc5 20. Qxb4 Ne4 21. d5 Bd6 22. Qc4 Ba3+ 23. Kb1 Qb8+ 24. Bb3 Qe5 25. Nd3 Nc3+ 26. Kc2 cxd5 27. Qxc3 Qf5 28. Kd2 Rac8 29. Qd4 Re4 30. Qxd5 Bb4+ 31. Ke2 Qg4+ 32. Kf1 Rxe3 33. fxe3 1-0


[Site "https://www.chess.com"]

[Event "Titled Tuesday Blitz March 21 Early 2023"]
[White "Omariev, Maksim"]
[Black "Fernandez Hernandez, Gerardo"]
[WhiteFideId "4193423"]
[BlackFideId "2207400"]
[WhiteElo "2471"]
[BlackElo "2227"]
[Result "1-0"]
[Round "08"]
[TimeControl "180+2"]
[Date "2023.03.21"]
[WhiteClock "0:00:09"]
[BlackClock "0:00:01"]

1. e4 c5 2. Nf3 Nc6 3. d4 cxd4 4. Nxd4 e5 5. Nb5 a6 6. Nd6+ Bxd6 7. Qxd6 Qe7 8. Qxe7+ Ngxe7 9. c4 Nd4 10. Bd3 d6 11. O-O f5 12. Nc3 f4 13. b3 O-O 14. Ba3 Rf6 15. f3 Bd7 16. Rfd1 g5 17. Rac1 Rc8 18. h3 h5 19. Nd5 Nxd5 20. cxd5 Rxc1 21. Rxc1 Bb5 22. Bxb5 Nxb5 23. Bb2 Rf7 24. a4 Nd4 25. Bxd4 exd4 26. Kf2 Kg7 27. Rc4 Kf6 28. Ke2 Ke5 29. Kd3 g4 30. hxg4 hxg4 31. Rxd4 Rh7 32. Rc4 Rh2 33. Rc2 g3 34. a5 Rh1 35. Kc4 Rf1 36. b4 Rf2 37. Kd3 Rf1 38. Ke2 Rb1 39. Rc7 Rxb4 40. Re7+ Kd4 41. Re6 1-0


[Site "https://www.chess.com"]

[Event "Titled Tuesday Blitz March 21 Early 2023"]
[White "Tarnowska, Aleksandra"]
[Black "Khandelwal, Ankush"]
[WhiteFideId "1180967"]
[BlackFideId "413470"]
[WhiteElo "1776"]
[BlackElo "2263"]
[Result "0-1"]
[Round "08"]
[TimeControl "180+2"]
[Date "2023.03.21"]
[WhiteClock "0:00:02"]
[BlackClock "0:00:50"]

1. e4 c5 2. Nf3 d6 3. Bb5+ Bd7 4. Be2 Nc6 5. O-O g6 6. d3 Bg7 7. c3 Nf6 8. Nbd2 O-O 9. Re1 b5 10. Nf1 b4 11. Ng3 bxc3 12. bxc3 Qa5 13. Bd2 Ng4 14. Qc2 Rab8 15. h3 Nge5 16. Nxe5 Bxe5 17. f4 Bg7 18. Bf3 Qa3 19. Rab1 Na5 20. e5 Ba4 21. Qc1 Qxc1 22. Rbxc1 Rb2 23. Be3 dxe5 24. Bd4 exd4 25. c4 e6 26. Ne4 Rc8 27. g4 Bc6 28. Bg2 Rcb8 29. a4 Nb3 30. f5 Nxc1 31. Rxc1 gxf5 32. gxf5 exf5 33. Nf2 Bxg2 34. Kxg2 Bh6 35. Re1 Be3 0-1


[Site "https://www.chess.com"]

[Event "Titled Tuesday Blitz March 21 Early 2023"]
[White "Loiacono, Antonio"]
[Black "Delorme, Alban"]
[WhiteFideId "895415"]
[BlackFideId "623636"]
[WhiteElo "2257"]
[BlackElo "2196"]
[Result "1-0"]
[Round "08"]
[TimeControl "180+2"]
[Date "2023.03.21"]
[WhiteClock "0:01:11"]
[BlackClock "0:00:01"]

1. e4 c5 2. Nf3 d6 3. d4 cxd4 4. Nxd4 Nf6 5. Nc3 a6 6. a4 e5 7. Nf3 Be7 8. Bc4 Be6 9. Bb3 O-O 10. O-O Bxb3 11. cxb3 Nbd7 12. Bg5 Rc8 13. Nd2 h6 14. Bxf6 Nxf6 15. Nc4 Qc7 16. Ne3 Rfe8 17. Ncd5 Nxd5 18. Nxd5 Qb8 19. Qd3 Bg5 20. Rfd1 Red8 21. g3 Re8 22. Nb6 Rcd8 23. h4 Be7 24. Nd5 Bf8 25. Rac1 Rc8 26. Kg2 Rc6 27. Nb4 Rxc1 28. Rxc1 g6 29. Nd5 Bg7 30. Rc7 Rf8 31. Qc4 Kh7 32. h5 b5 33. axb5 axb5 34. Qc6 Qd8 35. Re7 gxh5 36. Qd7 Qa5 37. Rxf7 Rxf7 38. Qxf7 Qa8 39. Qxh5 Qf8 40. g4 Qa8 41. Qf5+ Kg8 42. Qe6+ Kh8 43. Qxd6 Qa1 44. Qd8+ Kh7 45. Qd7 Qe1 46. Qf5+ Kh8 47. Ne3 Qd2 48. Qf7 Qxb2 49. Nf5 1-0


[Site "https://www.chess.com"]

[Event "Titled Tuesday Blitz March 21 Early 2023"]
[White "Yelisieiev, Yevhenii"]
[Black "Forgacs, Attila Jr."]
[WhiteFideId "14139642"]
[BlackFideId "773654"]
[WhiteElo "2447"]
[BlackElo "2168"]
[Result "0-1"]
[Round "08"]
[TimeControl "180+2"]
[Date "2023.03.21"]
[WhiteClock "0:00:14"]
[BlackClock "0:00:05"]

1. d4 Nf6 2. Nf3 g6 3. g3 Bg7 4. Bg2 O-O 5. O-O d6 6. b3 Nc6 7. Bb2 e5 8. dxe5 Nd7 9. c4 dxe5 10. Nc3 Nc5 11. Qxd8 Rxd8 12. Rfd1 Bf5 13. Nh4 Be6 14. Nd5 Rd7 15. b4 Na4 16. Ba3 Nd4 17. Ne3 Nxe2+ 18. Kf1 Rxd1+ 19. Rxd1 Nec3 20. Bxb7 Nxd1 21. Bxa8 Nxe3+ 22. fxe3 Bxc4+ 23. Ke1 f5 24. Nf3 Bxa2 25. b5 Bc4 26. Bc6 Nc3 27. Bc5 Nxb5 28. Nd2 Bd3 29. Bd5+ Kh8 30. Nf3 h6 31. Kd2 e4 32. Nh4 Kh7 33. Bf7 Bc3+ 34. Kc1 g5 35. Nxf5 a5 36. h4 gxh4 37. gxh4 a4 38. h5 a3 39. Bf8 Nd6 40. Nxd6 cxd6 41. Bxd6 Bb2+ 42. Kd2 Kg7 43. Bd5 Kf6 44. Ke1 Kg5 45. Kf2 Kxh5 46. Kg3 Kg5 47. Bf4+ Kg6 48. Bd6 Bb1 49. Kf4 a2 50. Bxa2 Bxa2 51. Kxe4 Be6 52. Kf4 h5 53. Be7 Bf6 54. Bd6 Bg5+ 55. Kf3 Bg4+ 56. Kf2 Be6 57. Bh2 Bh4+ 58. Kf3 Bd8 59. Ke4 h4 60. Kf3 h3 61. e4 Kh5 62. e5 Bc7 63. Kf4 Bg4 64. Bg3 Be6 65. Bh2 Ba5 66. Bg3 Bd2+ 67. Kf3 Bd5+ 68. Ke2 Bb4 69. Ke3 Kg4 70. Bh2 Be6 71. Ke4 Bc5 72. Bf4 Bf2 73. Bh2 Bg3 74. Bg1 h2 75. Bxh2 Bxh2 76. Kd4 Kf5 77. Kd3 Bxe5 78. Ke3 Bd5 79. Ke2 Ke4 80. Kd2 Bd4 81. Kc2 Bc4 82. Kd2 Kf3 83. Ke1 Ke3 84. Kd1 Kd3 85. Kc1 Bb3 86. Kb1 Kc3 87. Kc1 Bc4 88. Kb1 Be3 89. Ka1 Kb3 90. Kb1 Bd3+ 91. Ka1 Bd4# 0-1


[Site "https://www.chess.com"]

[Event "Titled Tuesday Blitz March 21 Early 2023"]
[White "Valle Maytin, Luis Enrique"]
[Black "Jaskolka, Tomasz"]
[WhiteFideId "3503666"]
[BlackFideId "1170791"]
[WhiteElo "2225"]
[BlackElo "2155"]
[Result "1-0"]
[Round "08"]
[TimeControl "180+2"]
[Date "2023.03.21"]
[WhiteClock "0:02:35"]
[BlackClock "0:01:55"]

1. e4 c5 2. Nf3 e6 3. d4 cxd4 4. Nxd4 Nc6 5. Nc3 Qc7 6. a3 a6 7. f4 b5 8. Be3 Nf6 9. Be2 d5 10. e5 Nd7 11. O-O Bc5 12. Bf3 Ndxe5 13. fxe5 Qxe5 14. Nxc6 Qxe3+ 15. Kh1 Bb7 16. Nxd5 1-0


[Site "https://www.chess.com"]

[Event "Titled Tuesday Blitz March 21 Early 2023"]
[White "Bhavikatti, Neil"]
[Black "Borgaonkar Akshay"]
[WhiteFideId "30935024"]
[BlackFideId "25639110"]
[WhiteElo "2342"]
[BlackElo "2063"]
[Result "1-0"]
[Round "08"]
[TimeControl "180+2"]
[Date "2023.03.21"]
[WhiteClock "0:02:26"]
[BlackClock "0:01:52"]

1. d4 Nf6 2. c4 g6 3. Nc3 Bg7 4. Nf3 O-O 5. Bg5 d6 6. e3 Nbd7 7. Be2 c6 8. O-O h6 9. Bh4 Qc7 10. Qc2 e5 11. Rfd1 Re8 12. Rac1 Qb8 13. b4 Nf8 14. c5 e4 15. Nd2 d5 16. Bg3 b5 17. Bxb8 Rxb8 18. a4 a6 19. axb5 axb5 20. Ra1 Bd7 21. Ra7 Ne6 22. Rda1 Nh7 23. Rxd7 1-0


[Site "https://www.chess.com"]

[Event "Titled Tuesday Blitz March 21 Early 2023"]
[White "Golubev, Mikhail"]
[Black "Botez, Alexandra"]
[WhiteFideId "14100983"]
[BlackFideId "2603365"]
[WhiteElo "2374"]
[BlackElo "2059"]
[Result "1-0"]
[Round "08"]
[TimeControl "180+2"]
[Date "2023.03.21"]
[WhiteClock "0:00:14"]
[BlackClock "0:00:01"]

1. e3 d5 2. Nf3 c5 3. Bb5+ Bd7 4. Qe2 Nc6 5. O-O a6 6. Bxc6 Bxc6 7. b3 Nf6 8. Bb2 e6 9. d3 b5 10. Nbd2 Bd6 11. Ne5 Bb7 12. f4 O-O 13. Rf3 Nd7 14. Rh3 Bxe5 15. fxe5 Qe7 16. Rf1 f5 17. exf6 Nxf6 18. Nf3 Nd7 19. Qe1 h6 20. Qg3 Rf6 21. Bxf6 Qxf6 22. Qc7 Bc8 23. Nd4 Qg6 24. Nc6 Qg5 25. Rg3 Qh5 26. Ne7+ Kh7 27. Qd8 Nf6 28. Rxf6 1-0


[Site "https://www.chess.com"]

[Event "Titled Tuesday Blitz March 21 Early 2023"]
[White "Belov, Alexei"]
[Black "sebastianmarinp"]
[WhiteFideId "4128206"]
[WhiteElo "2482"]
[BlackElo "2287"]
[Result "1/2-1/2"]
[Round "08"]
[TimeControl "180+2"]
[Date "2023.03.21"]
[WhiteClock "0:00:20"]
[BlackClock "0:00:15"]

1. e4 e5 2. Nf3 Nc6 3. Bb5 a6 4. Ba4 Nf6 5. d4 exd4 6. O-O b5 7. Bb3 Be7 8. e5 Ne4 9. Bd5 Nc5 10. Nxd4 Bb7 11. Qf3 Nxe5 12. Qg3 Ng6 13. Bxb7 Nxb7 14. Nf5 O-O 15. Bf4 d6 16. Nc3 Bf6 17. Be3 c6 18. Ne4 d5 19. Nxf6+ Qxf6 20. Qh3 c5 21. c3 Rad8 22. b4 d4 23. cxd4 cxb4 24. Rac1 Nd6 25. Ng3 Nc4 26. Ne4 Qh4 27. Qf3 f5 28. Nc5 f4 29. Ne6 fxe3 30. Nxf8 exf2+ 31. Rxf2 Rxf8 32. Qd5+ Kh8 33. Rxf8+ Nxf8 34. Rf1 Qe7 35. Qa8 Kg8 36. Qd5+ Kh8 37. Qa8 Kg8 38. Qd5+ Kh8 1/2-1/2


[Site "https://www.chess.com"]

[Event "Titled Tuesday Blitz March 21 Early 2023"]
[White "Rottenwohrer Suarez, Juan"]
[Black "Zanette, Edgard Vinicius"]
[WhiteFideId "32068182"]
[BlackFideId "2109263"]
[WhiteElo "2174"]
[BlackElo "2211"]
[Result "0-1"]
[Round "08"]
[TimeControl "180+2"]
[Date "2023.03.21"]
[WhiteClock "0:00:06"]
[BlackClock "0:00:38"]

1. e4 c5 2. Nf3 d6 3. d4 cxd4 4. Nxd4 Nf6 5. Nc3 a6 6. Be2 e5 7. Nf3 Be7 8. O-O h6 9. a4 O-O 10. h3 Be6 11. Be3 Nbd7 12. a5 Qc7 13. Nd5 Nxd5 14. exd5 Bf5 15. c4 Bg6 16. b4 f5 17. Qb3 f4 18. Bd2 Bf6 19. Rac1 e4 20. Nh2 Bg5 21. Bg4 Ne5 22. Be6+ Kh7 23. c5 Rad8 24. Bc3 Nd3 25. cxd6 Qxd6 26. Rcd1 e3 27. fxe3 fxe3 28. Rxf8 Rxf8 29. Bxg7 e2 30. Bxf8 Qxf8 31. Ra1 Qf2+ 32. Kh1 e1=Q+ 0-1


[Site "https://www.chess.com"]